 Dungeon Crawl Stone Soup version 0.20.0-10-g0535bb4 (webtiles) character file.

659 MTVSty1e the Chopper (level 7, -2/61 HPs)
             Began as a Pale Draconian Skald on June 3, 2017.
             Slain by Pikel
             ... wielding a +2 whip of flaming
              (4 damage)
             ... on level 4 of the Dungeon.
             The game lasted 00:04:43 (3093 turns).

MTVSty1e the Chopper (Pale Draconian Skald)         Turns: 3093, Time: 00:04:44

Health: -2/61      AC:  6    Str: 15    XL:     7   Next: 30%
Magic:  10/10      EV: 12    Int: 14    God:
Gold:   118        SH:  0    Dex: 10    Spells: 4/10 levels left

rFire    . . .     SeeInvis .   u - +0 war axe
rCold    . . .     Gourm    .   (no shield)
rNeg     . . .     Faith    .   (armour unavailable)
rPois    .         Spirit   .   (helmet restricted)
rElec    .         Reflect  .   (no cloak)
rCorr    .         Harm     .   (no gloves)
MR       .....                  (no boots)
Stlth    +.........             l - amulet of regeneration
Regen    0.6/turn               (no ring)
MPRegen  0.2/turn               (no ring)

@: very slightly contaminated, invisible
A: breathe steam, unfitting armour, cold-blooded, AC +6
a: Breathe Steam


You were on level 4 of the Dungeon.
You were not hungry.

You visited 1 branch of the dungeon, and saw 4 of its levels.

You collected 118 gold pieces.

Inventory:

Hand Weapons
 u - a +0 war axe (weapon)
Jewellery
 l - an amulet of regeneration (around neck)
Wands
 h - a wand of polymorph (13/24)
Scrolls
 a - a scroll of immolation {unknown}
 d - 2 scrolls of enchant armour {unknown}
 f - 2 scrolls of amnesia {unknown}
 j - 2 scrolls of enchant weapon {unknown}
 k - 2 scrolls of teleportation {unknown}
 m - 2 scrolls of fear {unknown}
 n - a scroll of recharging {unknown}
 o - a scroll of identify {unknown}
 p - 2 scrolls of remove curse {unknown}
Potions
 e - a potion of resistance
 g - a potion of brilliance
 q - a potion of lignification
Books
 b - a book of Battle

   Spells                             Type                      Level
   a - Infusion                       Charms                       1
   b - Shroud of Golubria             Charms/Translocation         2
   c - Song of Slaying                Charms                       2
   d - Spectral Weapon                Hexes/Charms                 3
   e - Regeneration                   Charms/Necromancy            3
Comestibles
 c - 3 bread rations


   Skills:
 + Level 5.5 Fighting
 * Level 6.7 Axes
 - Level 2.1 Dodging
 - Level 2.0 Spellcasting
 - Level 2.6 Charms


You had 4 spell levels left.
You knew the following spells:

 Your Spells              Type           Power        Failure   Level  Hunger
a - Infusion              Chrm           #...         8%          1    ##.....
b - Regeneration          Chrm/Necr      #.........   38%         3    ####...
c - Song of Slaying       Chrm           #.......     12%         2    ###....


Dungeon Overview and Level Annotations

Branches:
Dungeon (4/15)
 Temple: D:4-7

Altars:
Ru

Annotations:
D:4 Pikel


Innate Abilities, Weirdness & Mutations

You can breathe blasts of scalding, opaque steam.
Your pale cyan-grey scales are hard. (AC +6)
You cannot fit into any form of body armour.
You are cold-blooded and may be slowed by cold attacks.


Message History

The slave is engulfed in a cloud of scalding steam.
Pikel hits you with a whip of flaming.
* * * LOW HITPOINT WARNING * * *
Pikel burns you.
* * * LOW HITPOINT WARNING * * *
The slave is engulfed in a cloud of scalding steam.
You kill the slave!
That felt strangely unrewarding.
It was a potion of invisibility.
You fade into invisibility!
You have got your breath back.
Pikel barely misses you.
The slave is engulfed in a cloud of scalding steam.
You are very lightly contaminated with residual magic.
You barely miss Pikel.
Pikel is severely wounded.
Pikel hits you with a whip of flaming!
* * * LOW HITPOINT WARNING * * *
Pikel burns you.
You die...

.$ .. .# .## # Kp
#.##### >###
#.....###o..####
#.....@Kp§......
#.###.#####.##### #.#
#.# #.. #.# ###.###.#
# #.# #.....#.# .#
#.###.#.#.#.###.#
#...............#
#.#####.#.#.#.#...###
........#.....###.#


You could see Pikel, a slave and an orc.

Vanquished Creatures
  The ghost of Hasart the Sneak, a novice KoAs of Gozag (D:4)
  Grinder (D:3)
  3 slaves (D:4)
  3 orc priests
  A gnoll (D:1)
  2 adders
  An ooze (D:1)
  An adder skeleton (D:4)
  3 worms
  2 dart slugs (D:1)
  3 leopard geckos
  7 orcs (D:3)
  3 giant cockroaches
  5 goblins
  7 hobgoblins
  8 jackals
  5 kobolds
  3 quokkas (D:3)
  8 bats
  3 frilled lizards
  12 rats
82 creatures vanquished.

Notes
Turn   | Place    | Note
-------+----------+-------------------------------------------
     0 | D:1      | MTVSty1e the Draconian Skald began the quest for the Orb.
     0 | D:1      | Reached XP level 1. HP: 17/17 MP: 3/3
   275 | D:1      | Reached XP level 2. HP: 18/25 MP: 5/5
   590 | D:1      | Reached skill level 3 in Axes
   608 | D:1      | Reached XP level 3. HP: 23/30 MP: 6/6
   963 | D:2      | Found a sacrificial altar of Ru.
  1324 | D:2      | Reached XP level 4. HP: 34/38 MP: 7/7
  1956 | D:3      | Reached skill level 4 in Axes
  2349 | D:3      | Noticed Grinder
  2357 | D:3      | HP: 2/40 [Grinder (9)]
  2363 | D:3      | HP: 1/60 [Grinder (5)]
  2373 | D:3      | Paralysed by Grinder for 3 turns
  2379 | D:3      | Killed Grinder
  2379 | D:3      | Reached skill level 5 in Axes
  2379 | D:3      | Reached XP level 5. HP: 8/47 MP: 2/8
  2379 | D:3      | Reached XP level 6. HP: 9/53 MP: 2/9
  2460 | D:3      | Learned a level 3 spell: Regeneration
  2463 | D:3      | Learned a level 2 spell: Song of Slaying
  2926 | D:4      | Noticed Hasart's ghost (novice KoAs)
  2957 | D:4      | Killed Hasart's ghost
  2957 | D:4      | Reached skill level 5 in Fighting
  2957 | D:4      | Reached skill level 6 in Axes
  2957 | D:4      | Your scales start taking on a pale cyan-grey colour.
  2957 | D:4      | Reached XP level 7. HP: 31/61 MP: 5/10
  3071 | D:4      | Noticed Pikel
  3093 | D:4      | HP: 2/61 [Pikel/whip of flaming (9)]
  3093 | D:4      | Slain by Pikel

Skill      XL: |  1  2  3  4  5  6 |
---------------+-------------------+-----
Axes           | 3 5 6 |  6.7
Fighting       | 3 4 5 |  5.5
Dodging        | |  2.1
Spellcasting   | |  2.0
Charms         | |  2.6

Action                   |  1- 3 |  4- 6 |  7- 9 || total
-------------------------+-------+-------+-------++-------
Melee: Hand axe          |   115 |   106 |       ||   221
       Tailslap          |    11 |    12 |     3 ||    26
       War axe           |       |    59 |    22 ||    81
 Cast: Infusion          |       |     3 |       ||     3
       Song of Slaying   |       |     1 |       ||     1
 Abil: Breathe Steam     |       |       |     2 ||     2
  Use: Potion            |       |     6 |     1 ||     7
 Stab: Sleeping          |     1 |     1 |       ||     2
  Eat: Bread ration      |     1 |       |       ||     1
       Chunk             |       |     2 |       ||     2
       Meat ration       |       |       |     1 ||     1
Armor: Skin              |    33 |    50 |     5 ||    88
Dodge: Dodged            |   101 |    93 |     9 ||   203
